 Dungeon Crawl Stone Soup version 0.22-a0-231-g1b571ea (webtiles) character file.

5669 varam the Grappler (level 10, 0/88 HPs)
             Began as a Troll Transmuter on Feb 20, 2018.
             Was a Priest of Cheibriados.
             Slain by an anaconda (shapeshifter) (4 damage)
             ... on level 10 of the Dungeon.
             The game lasted 00:31:06 (7475 turns).

varam the Grappler (Troll Transmuter)               Turns: 7475, Time: 00:31:06

Health: 0/88       AC:  7    Str: 28    XL:     10   Next: 47%
Magic:  11/13      EV:  9    Int: 22    God:    Cheibriados [***...]
Gold:   488        SH:  0    Dex: 18    Spells: 3/14 levels left

rFire    . . .     SeeInvis .     - Unarmed
rCold    . . .     Gourm    +   (no shield)
rNeg     . . .     Faith    .   b - +0 robe
rPois    +         Spirit   .   (helmet restricted)
rElec    .         Reflect  .   (no cloak)
rCorr    .         Harm     .   (gloves unavailable)
MR       .....                  (boots unavailable)
Stlth    ++........             (no amulet)
HPRegen  0.64/turn              h - ring of poison resistance
MPRegen  0.13/turn              (no ring)

@: appendage, very slightly contaminated, constricted, very slow
A: large, unfitting armour, claws 3, talons 3, icy blue scales 1, blurry vision
1, clever 1, fast metabolism 3, gourmand, regeneration 1, shaggy fur 1, tough
skin 2, sturdy frame 1
a: End Transformation, Bend Time, Temporal Distortion, Renounce Religion


You were on level 10 of the Dungeon.
You worshipped Cheibriados.
Cheibriados was most pleased with you.
You were completely stuffed.
You had grown temporary talons.
You visited 2 branches of the dungeon, and saw 11 of its levels.

You collected 579 gold pieces.
You spent 91 gold pieces at shops.

Inventory:

Hand Weapons
 e - a +2 hunting sling of freezing
 E - a +2 hunting sling of freezing
Missiles
 a - 19 arrows
 d - 4 steel tomahawks (quivered)
 r - 33 poisoned needles
 x - 57 sling bullets
 C - 4 tomahawks of returning
 D - a throwing net
Armour
 b - a +0 robe (worn)
 j - a +0 large shield
Jewellery
 h - a ring of poison resistance (left claw)
Wands
 p - a wand of iceblast (1)
 q - a wand of polymorph (29)
Scrolls
 f - a scroll of remove curse
 n - a scroll of enchant armour {unknown}
 s - a scroll of noise
 w - 3 scrolls of teleportation
 y - 3 scrolls of fear
 A - a scroll of amnesia {unknown}
 G - a scroll of holy word {unknown}
Potions
 g - 4 potions of degeneration
 i - 3 potions of curing
 k - 3 potions of might
 l - 3 potions of lignification
 m - a potion of heal wounds
 o - a potion of invisibility {unknown}
 t - a potion of cancellation {unknown}
 u - a potion of agility
 v - 4 potions of haste
 z - 3 potions of flight {unknown}
Comestibles
 c - 19 rations
 B - a chunk of flesh


   Skills:
 + Level 2.4 Fighting
 + Level 4.0 Dodging
 + Level 3.6 Shields
 - Level 10.3 Unarmed Combat
 + Level 2.8 Spellcasting
 - Level 7.0 Transmutations
 + Level 0.4 Ice Magic
 + Level 0.5 Poison Magic


You had 3 spell levels left.
You knew the following spells:

 Your Spells              Type           Power        Failure   Level  Hunger
a - Beastly Appendage     Tmut           ####..       1%          1    None
b - Sticks to Snakes      Tmut           ####....     1%          2    ##.....
c - Spider Form           Tmut/Pois      ###.......   9%          3    ###....
d - Ice Form              Ice/Tmut       ###.....     26%         4    ####...
e - Confusing Touch       Hex            #.....       13%         1    None


Dungeon Overview and Level Annotations

Branches:
Dungeon (10/15)            Temple (1/1) D:6            Lair (0/6) D:8
    Orc: D:9-12

Altars:
Ashenzari
Cheibriados
Dithmenos
Elyvilon
Fedhas
Gozag
Hepliaklqana
Kikubaaqudgha
Makhleb
Nemelex Xobeh
Okawaru
Qazlal
Ru
Sif Muna
Trog
Uskayaw
Vehumet
Wu Jian
Xom
Yredelemnul
Zin
The Shining One

Shops:
D:7 %   D:8 }   D:9 %*[

Annotations:
D:3 Pawles22's ghost, amateur GnWn


Innate Abilities, Weirdness & Mutations

You are too large for most types of armour.
You have claws for hands.
Your metabolism is lightning-fast.
You like to eat raw meat.
Your natural rate of healing is unusually fast.
You are covered in fur. (AC +1)
You have very tough skin. (AC +2)
You have claws for feet.
You are partially covered in icy blue scales. (AC +2)
Scrolls take you a little longer to read.
Your mind is acute. (Int +2)
Your movements are slightly less encumbered by armour. (ER -2)


Message History

The water moccasin bites you but does no damage.
The anaconda closely misses you.
* * * LOW HITPOINT WARNING * * *
The anaconda constricts you.
Okay, then.
You fail to use your ability.
The water moccasin bites you.
* * * LOW HITPOINT WARNING * * *
The anaconda bites you.
* * * LOW HITPOINT WARNING * * *
x2 The anaconda constricts you.
The water moccasin closely misses you.
The anaconda bites you but does no damage.
* * * LOW HITPOINT WARNING * * *
The anaconda constricts you.
You fail to use your ability.
The anaconda bites you but does no damage.
* * * LOW HITPOINT WARNING * * *
The anaconda constricts you.
The water moccasin bites you but does no damage.
The anaconda closely misses you.
You die...

############
#.....$....#
#..........# #
#..........# ##.
#..........# #.. .
#...##..######.# ...
#...###.#####..#
..(..####...........Z...
......S@SZ..###.####G...
....#####...# #.# #.###
. ##### #.# #.# #.# ..#
#.# ..## ...sZ. .....#
.Z.. .....


You could see an anaconda shaped shifter, a water moccasin and a centaur warrior
zombie.

Vanquished Creatures
  The ghost of varam the Ruffian, a novice TrAM of Nemelex Xobeh (D:6)
  Psyche (D:8)
  A hippogriff (D:9)
  Sigmund (D:3)
  6 yaks (D:9)
  Eustachio (D:6)
  A hungry ghost (D:9)
  2 water moccasins (D:5)
  A black bear (D:9)
  3 orc warriors
  6 ogres
  2 phantoms
  A crocodile (D:8)
  A big kobold (D:9)
  3 bullfrogs
  3 scorpions
  6 killer bees
  2 crimson imps (D:5)
  3 howler monkeys
  A centaur zombie (D:7)
  2 jellies (D:7)
  A bullfrog skeleton (D:3)
  2 centaur skeletons (D:7)
  6 hounds
  5 orc priests
  8 orc wizards
  8 worker ants
  4 iguanas
  A killer bee zombie (D:6)
  2 hound zombies
  10 gnolls
  12 adders
  A shadow imp (D:5)
  4 worms
  3 dart slugs
  6 leopard geckos
  24 orcs
  9 bats
  4 giant cockroaches
  7 goblins
  11 hobgoblins
  13 jackals
  8 kobolds
  4 quokkas
  A ball python (D:4)
  5 frilled lizards
  A quokka skeleton (D:4)
  A quokka zombie (D:7)
  9 rats
218 creatures vanquished.

Vanquished Creatures (collateral kills)
  An ogre (D:9)
  A big kobold (D:9)
  A gnoll (D:3)
  A ball python (D:5)
  2 kobolds (D:9)
6 creatures vanquished.

Grand Total: 224 creatures vanquished

Notes
Turn   | Place    | Note
-------+----------+-------------------------------------------
     0 | D:1      | varam the Troll Transmuter began the quest for the Orb.
     0 | D:1      | Reached XP level 1. HP: 18/18 MP: 1/1
   109 | D:1      | Reached XP level 2. HP: 26/26 MP: 2/2
   147 | D:1      | Reached skill level 2 in Transmutations
   195 | D:1      | Learned a level 2 spell: Sticks to Snakes
   352 | D:1      | Reached XP level 3. HP: 32/32 MP: 3/3
   864 | D:2      | Reached XP level 4. HP: 40/40 MP: 4/4
   882 | D:2      | Reached skill level 3 in Transmutations
  1052 | D:2      | Reached skill level 4 in Unarmed Combat
  1124 | D:2      | Reached XP level 5. HP: 42/46 MP: 5/5
  2044 | D:3      | Noticed Sigmund
  2428 | D:3      | Noticed Pawles22's ghost (amateur GnWn)
  2456 | D:4      | Reached skill level 5 in Unarmed Combat
  2480 | D:4      | Gained mutation: Your movements are slightly less encumbered by armour. (ER -2) [potion of mutation]
  2480 | D:4      | Gained mutation: Scrolls take you a little longer to read. [potion of mutation]
  2480 | D:4      | Gained mutation: You are partially covered in icy blue scales. (AC +2) [potion of mutation]
  2480 | D:4      | Gained mutation: Your mind is acute. (Int +2) [potion of mutation]
  2567 | D:4      | Reached XP level 6. HP: 49/54 MP: 3/6
  2570 | D:5      | Entered Level 5 of the Dungeon
  2598 | D:6      | Noticed a water moccasin
  2598 | D:6      | Noticed varam's ghost (novice TrAM)
  2612 | D:5      | Killed a water moccasin
  2717 | D:5      | Reached skill level 6 in Unarmed Combat
  2717 | D:5      | Reached skill level 4 in Transmutations
  2722 | D:5      | Learned a level 3 spell: Spider Form
  2889 | D:4      | Found a shattered altar of Ashenzari.
  2910 | D:4      | Reached XP level 7. HP: 61/61 MP: 7/7
  3189 | D:3      | Killed Sigmund
  3233 | D:3      | Reached skill level 7 in Unarmed Combat
  3499 | D:4      | Reached XP level 8. HP: 60/68 MP: 4/8
  3779 | D:5      | Reached skill level 8 in Unarmed Combat
  3785 | D:5      | Reached skill level 5 in Transmutations
  4132 | D:6      | HP: 6/68 [varam's ghost (15)]
  4133 | D:6      | Killed varam's ghost
  4133 | D:6      | Reached skill level 9 in Unarmed Combat
  4313 | D:6      | Noticed Eustachio
  4322 | D:6      | Killed Eustachio
  4322 | D:6      | Reached skill level 6 in Transmutations
  4322 | D:6      | Reached XP level 9. HP: 50/75 MP: 6/9
  4328 | D:6      | Learned a level 4 spell: Ice Form
  4526 | D:6      | Found a glowing silver altar of Zin.
  4530 | D:6      | Found a staircase to the Ecumenical Temple.
  4539 | Temple   | Entered the Ecumenical Temple
  4615 | Temple   | Became a worshipper of Cheibriados the Contemplative
  5113 | D:7      | Reached * piety under Cheibriados
  5158 | D:7      | Reached skill level 10 in Unarmed Combat
  5365 | D:9      | Reached ** piety under Cheibriados
  5388 | D:8      | HP: 3/75 [orc warrior/battleaxe (9)]
  5568 | D:8      | Noticed Psyche
  5574 | D:8      | Killed Psyche
  5574 | D:8      | Reached skill level 2 in Dodging
  5574 | D:8      | Reached skill level 1 in Shields
  5574 | D:8      | Reached skill level 7 in Transmutations
  5688 | D:7      | Reached skill level 2 in Shields
  5888 | D:7      | Found Tazxica's Food Shoppe.
  6179 | D:8      | Reached skill level 3 in Dodging
  6205 | D:8      | Found Mymit's Gadget Emporium.
  6357 | D:8      | Found a staircase to the Lair.
  6357 | D:8      | Noticed a death yak
  6357 | D:8      | Noticed an elephant
  6362 | D:8      | Reached skill level 2 in Spellcasting
  6405 | D:8      | Reached XP level 10. HP: 46/83 MP: 12/12
  6545 | D:8      | Got a scorched morningstar
  6546 | D:8      | Identified the +4 morningstar "Fatoummi" {pain, rPois rN+} (You found it on level 8 of the Dungeon)
  6573 | D:9      | Found Orreack's General Store.
  6585 | D:9      | Bought a scroll of fear for 49 gold pieces
  6585 | D:9      | Bought a scroll of remove curse for 42 gold pieces
  6608 | D:9      | Reached *** piety under Cheibriados
  6608 | D:9      | Reached skill level 1 in Fighting
  6821 | D:9      | Learned a level 1 spell: Confusing Touch
  6831 | D:9      | Found Yweducue's Antique Armour Emporium.
  6852 | D:9      | Reached skill level 3 in Shields
  6862 | D:9      | Reached skill level 2 in Fighting
  7070 | D:9      | Found Xeifon's Food Emporium.
  7201 | D:9      | Reached skill level 4 in Dodging
  7369 | D:10     | Entered Level 10 of the Dungeon
  7450 | D:10     | Noticed an orb spider
  7460 | D:10     | Noticed a shining eye
  7464 | D:10     | Noticed an anaconda
  7464 | D:10     | a shining eye changed into an anaconda
  7474 | D:10     | HP: 6/88 [anaconda (shapeshifter) (4)]
  7475 | D:10     | Slain by an anaconda (shapeshifter)

Vault maps used:
D:1:      minmay_arrival_stair_chambers
D:3:      serial_curves, eino_curves_04, eino_curves_04, first_ration,
          uniq_sigmund
D:4:      serial_bayou_ford_a, ashenzari_altar_1
D:6:      zin_academy, minmay_temple_entry_statues_pillars,
          minmay_misc_feat_columns, uniq_eustachio
D:7:      serial_shops, kennysheep_mini, abandoned_shop
D:8:      david_lair_generic, serial_shops, nicolae_shop_waterfront, uniq_psyche
D:9:      serial_co_window_serial, co_window_paths_b, co_window_paths_b,
          co_window_corner_a, co_window_corner_a, co_window_paths_a,
          co_window_corner_b, co_window_unsneaky_path_a,
          co_window_unsneaky_path_b, co_window_paths_c,
          co_window_unsneaky_path_a, glass_columns_a, glass_columns_c,
          glass_columns_c, glass_columns_b, serial_shops, shop,
          kennysheep_little_box, shop_statue, shop
D:10:     orc_david_3, hangedman_ranch
Temple:   dpeg_three_leaves_temple

Skill      XL: |  1  2  3  4  5  6  7  8  9 10 |
---------------+-------------------------------+-----
Transmutations | 2 3 4 6 7 |  7.0
Unarmed Combat | 4 5 6 7 9 10 | 10.3
Dodging        | 3 4 |  4.0
Shields        | 2 3 |  3.6
Spellcasting   | 2 |  2.8
Fighting       | 2 |  2.4
Ice Magic      | |  0.4
Poison Magic   | |  0.5

Action                   |  1- 3 |  4- 6 |  7- 9 | 10-12 || total
-------------------------+-------+-------+-------+-------++-------
Melee: Unarmed           |    75 |   140 |   312 |    95 ||   622
       Headbutt          |     2 |       |    15 |     6 ||    23
       Kick              |       |     6 |    21 |     2 ||    29
       Punch             |       |     3 |    18 |     3 ||    24
Throw: Tomahawk          |       |       |     3 |     1 ||     4
       Throwing net      |       |       |     1 |       ||     1
 Cast: Beastly Appendage |     4 |     7 |    24 |     5 ||    40
       Sticks to Snakes  |       |     9 |    32 |    10 ||    51
       Spider Form       |       |       |       |     6 ||     6
       Confusing Touch   |       |       |       |     2 ||     2
  Use: Scroll            |       |     6 |     8 |     4 ||    18
       Potion            |       |     1 |     2 |     1 ||     4
 Stab: Sleeping          |     1 |     2 |     1 |       ||     4
       Distracted        |       |     2 |     1 |       ||     3
       Fleeing           |       |       |     1 |       ||     1
  Eat: Chunk             |    14 |    20 |    31 |    15 ||    80
Armor: Robe              |    32 |    60 |    85 |    30 ||   207
Dodge: Dodged            |    48 |    62 |   156 |    58 ||   324
Block: Large shield      |       |     3 |       |       ||     3

Table legend:
 A = Spawn XP
 B = Non-spawn XP
 C = Spawn XP percentage of total XP
 D = Spawn monster count
 E = Non-spawn monster count
 F = Spawn count percentage of total count
 G = Total turns spent on level
                    A         B        C        D         E        F      G
               +---------+---------+-------+---------+---------+-------+---------
         Total |       0 |    8099 |   0.0 |       0 |     224 |   0.0 |  7475
               +---------+---------+-------+---------+---------+-------+---------
           D:1 |       0 |      77 |   0.0 |       0 |      34 |   0.0 |   915
           D:2 |       0 |     160 |   0.0 |       0 |      22 |   0.0 |   611
           D:3 |       0 |     420 |   0.0 |       0 |      29 |   0.0 |  1178
           D:4 |       0 |     530 |   0.0 |       0 |      19 |   0.0 |   635
           D:5 |       0 |     972 |   0.0 |       0 |      20 |   0.0 |   881
           D:6 |       0 |    1253 |   0.0 |       0 |      14 |   0.0 |   882
           D:7 |       0 |    1079 |   0.0 |       0 |      31 |   0.0 |   844
           D:8 |       0 |     776 |   0.0 |       0 |      13 |   0.0 |   474
           D:9 |       0 |    2693 |   0.0 |       0 |      40 |   0.0 |   860
          D:10 |       0 |     139 |   0.0 |       0 |       2 |   0.0 |   106
               +---------+---------+-------+---------+---------+-------+---------
